 Dungeon Crawl Stone Soup version 0.32-a0-350-g4f4d228 (webtiles) character file.

Game seed: 7476453716917108417

88 staltz the Insei (level 4, -2/32 HPs)
             Began as a Djinni Shapeshifter on Feb 16, 2024.
             Slain by a cerulean imp
             ... wielding a +2 spear
             ... summoned by Natasha
              (3 damage)
             ... on level 2 of the Dungeon on Feb 17, 2024.
             The game lasted 00:03:21 (1552 turns).

staltz the Insei (Djinni Shapeshifter)              Turns: 1552, Time: 00:03:21

Health: -2/32      AC:  2    Str: 13    XL:     4   Next: 81%
Gold:   65         EV: 12    Int: 18    God:
                   SH:  0    Dex: 14

rFire   + +          .
                       - Unarmed
rCold   x . .        (no shield)
rNeg    . . .        a - +0 animal skin
rPois   ∞            (helmet currently unavailable)
rElec   .            (cloak currently unavailable)
rCorr   +            (gloves currently unavailable)
SInv    .            (boots unavailable)
Will    .....        (no amulet)
Stlth   +            h - +6 ring of intelligence
HPRegen 0.25/turn    i - ring of resist corrosion
MPRegen 0.00/turn

%: infuse magic (-3 HP)
@: beast-form, flying, slowed, very slow
A: beast (slay +1), flying, sickness immunity, fire resistance 2, cold
vulnerability 1, float, innate caster, HP casting, extra vitality 1
a: Begin Untransformation


You were on level 2 of the Dungeon.
You were a hulking beast.
You visited 1 branch of the dungeon, and saw 2 of its levels.

You collected 65 gold pieces.

Inventory:

Armour
 a - a +0 animal skin (worn)
Jewellery
 f - a ring of fire
 h - a +6 ring of intelligence (left hand)
 i - a ring of resist corrosion (right hand)
Talismans
 c - a beast talisman (active)
 d - a flux talisman
Scrolls
 e - 3 scrolls of identify {unknown}
 k - a scroll of blinking {unknown}
 l - a scroll of acquirement {unknown}
Potions
 b - a potion of curing {unknown}
 g - 2 potions of attraction {unknown}
 j - a potion of heal wounds {unknown}


   Skills:
 + Level 1.3 Fighting
 + Level 2.5 Dodging
 + Level 0.5 Stealth
 + Level 4.1 Unarmed Combat
 + Level 3.3 Shapeshifting


You knew the following spells:

 Your Spells              Type           Power      Damage    Failure   Level
a - Apportation           Tloc           0%         N/A       22%         1
Your spell library was empty.

Dungeon Overview and Level Annotations

Branches:
Dungeon (2/15)

Altars:

Annotations:
D:1 1 runed translucent door
D:2 Natasha


Innate Abilities, Weirdness & Mutations

You are a hulking beast.
Your limbs bulge with bestial killing power. (Slay +1)
You are flying.
You are immune to sickness and miasma.
You are immune to poison.
Your flesh is very heat resistant. (rF++)
You are vulnerable to cold. (rC-)
You float through the air rather than walking.
You learn spells naturally, not from books.
Your magical power is your life essence.
You have superior vitality. (+4 MHP)


Message History

Natasha mumbles some strange words.
You hit Natasha.
Natasha is heavily wounded.
Natasha mumbles some strange words.
Natasha's front paws start to glow.
Natasha closely misses you. The adder bites you but does no damage.
You closely miss Natasha.
Natasha is heavily wounded.
The cerulean imp hits you from afar with a +2 spear.
The adder barely misses you.
Natasha stares at you and mumbles some strange words.
You feel yourself slow down.
You hit Natasha.
Natasha is almost dead.
The adder barely misses you. The cerulean imp barely misses you.
Natasha claws you! The adder bites you. The cerulean imp barely misses you.
You hit Natasha but do no damage.
Natasha is almost dead.
Natasha barely misses you. The adder bites you but does no damage.
The cerulean imp hits you from afar with a +2 spear.
The adder barely misses you. Natasha claws you.
You hit Natasha but do no damage.
Natasha is almost dead.
The cerulean imp hits you from afar with a +2 spear.
* * * LOW HITPOINT WARNING * * *
The adder misses you.
Natasha mumbles some strange words.
The cerulean imp hits you from afar with a +2 spear.
* * * LOW HITPOINT WARNING * * *
You hit Natasha.
Natasha is almost dead.
The adder closely misses you.
Natasha stares at you and mumbles some strange words.
The magic dart hits you.
* * * LOW HITPOINT WARNING * * *
The adder bites you.
* * * LOW HITPOINT WARNING * * *
The cerulean imp barely misses you.
The cerulean imp hits you from afar with a +2 spear.
You die...

...##...# ##......# ####.##
....g..## #.......#######
#...
...#...####.######..<...##
#.##
g..#.>...............)...###
#.#
####.####.#####............#
#.# # #.# #.# #............#
#.## # #.# #.#
#5..5........# #... # ...
#.# #.h..##...#.## #### #
##. ..#####Sh..##.###.# .
..............# #.# .
PP....#....#### #.# .. .P..
#....# #.# ..


PP. #....# #.##### ... .P #..).# #.....### . #....# #######..##
#....####.........# #.................# You could see Natasha, 2 cerulean imps
and an adder.

Vanquished Creatures
  Natasha (D:2)
  3 gnolls
  2 ball pythons (D:1)
  An endoplasm (D:1)
  2 goblins
  2 hobgoblins (D:1)
  2 jackals (D:1)
  4 kobolds
  A quokka (D:1)
  3 frilled lizards
  A rat (D:2)
22 creatures vanquished.

Notes
Turn   | Place    | Note
-------+----------+-------------------------------------------
     0 | D:1      | staltz the Djinni Shapeshifter began the quest for the Orb.
     0 | D:1      | Reached XP level 1. HP: 17/17 MP: 0/0
     0 | D:1      | Noticed a jelly
     0 | D:1      | Upgraded the game from 0.32-a0-328-gd8048dd to
                  | 0.32-a0-348-gc80224b
     0 | D:1      | Upgraded the game from 0.32-a0-348-gc80224b to
                  | 0.32-a0-350-g4f4d228
     1 | D:1      | Found a runed translucent door.
     2 | D:1      | Noticed a jelly
   113 | D:1      | Reached XP level 2. HP: 19/22 MP: 0/0
   446 | D:1      | HP: 1/22 [gnoll/+0 spear (7)]
   450 | D:1      | Reached XP level 3. HP: 3/27 MP: 0/0
   450 | D:1      | Learned a level 1 spell: Apportation
   901 | D:2      | Noticed Natasha
  1189 | D:1      | Reached XP level 4. HP: 17/32 MP: 0/0
  1396 | D:2      | Killed Natasha
  1397 | D:2      | Reached skill level 4 in Unarmed Combat
  1542 | D:2      | Noticed Natasha
  1552 | D:2      | HP: 1/32 [adder (1)]
  1552 | D:2      | Slain by a cerulean imp

Illustrated notes

Levels and vault maps discovered:
D:1:      dpeg_arrival_caged_fury, layout_loops_ring
D:2:      layout_basic, hellmonk_ecumenical_altar_arch_garden,
          dreamdust_mushroom_princess, uniq_natasha

Skill      XL: |  1  2  3  4 |
---------------+-------------+-----
Shapeshifting  | 3 |  3.3
Unarmed Combat | 4 |  4.1
Fighting       | |  1.3
Dodging        | |  2.5
Stealth        | |  0.5

Action                     |  1- 3 |  4- 6 || total
---------------------------+-------+-------++-------
  Melee: Unarmed           |    56 |    21 ||    77
         Punch             |     1 |     1 ||     2
    Use: Potion            |     1 |       ||     1
 Armour: Animal skin       |    26 |    17 ||    43
         Skin              |     2 |       ||     2
  Dodge: Dodged            |    34 |    19 ||    53

Table legend: (Time is in decaauts)
 A = Elapsed time spent in this place.
 B = Non-inter-level travel time spent in this place.
 C = Inter-level travel time spent in this place.
 D = Time resting spent in this place.
 E = Time spent auto-exploring this place.
 F = Levels seen in this place.
 G = Mean time per level.
                   A        B        C        D        E       F      G
               +--------+--------+--------+--------+--------+-----+--------+
         Total |   1558 |   1529 |     29 |    369 |    878 |   2 |  779.0 |
       Dungeon |   1558 |   1529 |     29 |    369 |    878 |   2 |  779.0 |
               +--------+--------+--------+--------+--------+-----+--------+

Top non-repeatable levels by time:
     D:1: 1093 daAuts
     D:2: 464 daAuts
